 Dungeon Crawl Stone Soup version 0.21-a0-440-g28109cb (webtiles) character file.

79 tof the Twirler (level 4, -2/34 HPs)
             Began as a Demonspawn Gladiator on Nov 11, 2017.
             Shot with an arrow by a centaur (10 damage)
             ... on level 3 of the Dungeon.
             The game lasted 00:03:05 (2750 turns).

tof the Twirler (Demonspawn Gladiator)              Turns: 2750, Time: 00:03:06

Health: -2/34      AC:  5    Str: 14    XL:     4   Next: 17%
Magic:  4/4        EV: 13    Int: 10    God:
Gold:   118        SH:  0    Dex: 15    Spells: 3/3 levels left

rFire    . . .     SeeInvis .   a - +0 quarterstaff
rCold    . . .     Gourm    .   (shield currently unavailable)
rNeg     . . .     Faith    .   b - +0 leather armour
rPois    .         Spirit   .   c - +0 helmet
rElec    .         Reflect  .   o - +0 cloak
rCorr    .         Harm     .   (no gloves)
MR       .....                  (no boots)
Stlth    ++........             (no amulet)
HPRegen  0.11/turn              p - ring of stealth
MPRegen  0.09/turn              (no ring)

@: no status effects
A: claws 2, demonic guardian 1
a: no special abilities


You were on level 3 of the Dungeon.
You were not hungry.

You visited 1 branch of the dungeon, and saw 3 of its levels.

You collected 118 gold pieces.

Inventory:

Hand Weapons
 a - a +0 quarterstaff (weapon)
Missiles
 d - 3 throwing nets (quivered)
 n - 16 poisoned needles
Armour
 b - a +0 leather armour (worn)
 c - a +0 helmet (worn)
 o - a +0 cloak (worn)
Jewellery
 p - a ring of stealth (left claw)
Scrolls
 e - 4 scrolls of identify {unknown}
 k - 4 scrolls of remove curse {unknown}
 r - a scroll of immolation {unknown}
Potions
 h - 3 potions of flight {unknown}
 j - 2 potions of lignification {unknown}
 l - 2 potions of curing {unknown}
 m - a potion of agility {unknown}
Comestibles
 f - a bread ration
 g - 2 fruits
 i - 5 royal jellies


   Skills:
 + Level 2.7 Fighting
 * Level 3.5 Staves
 + Level 2.3 Throwing
 + Level 3.1 Dodging


You had 3 spell levels left.
You didn't know any spells.

Dungeon Overview and Level Annotations

Branches:
Dungeon (3/15)

Altars:
Elyvilon
Ru
The Shining One


Innate Abilities, Weirdness & Mutations

You have very sharp fingernails.
A weak demonic guardian rushes to your aid.


Message History

* * * LOW HITPOINT WARNING * * *
You sock the centaur!
The centaur is heavily wounded.
Your ufetubus hits the centaur but does no damage.
Your ufetubus hits the centaur. The centaur closely misses you.
Your ufetubus hits the centaur but does no damage.
Your ufetubus hits the centaur. The centaur hits your ufetubus.
Your ufetubus hits the centaur but does no damage.
Your ufetubus hits the centaur.
The centaur hits your ufetubus but does no damage.
The worm barely misses you.
Your ufetubus hits the centaur but does no damage.
Your ufetubus hits the centaur. The centaur hits your ufetubus!
Your ufetubus dies!
There is a stone staircase leading up here.
You see here an arrow.
The centaur wields an uncursed shortbow of velocity.
The centaur shoots an arrow.
The arrow hits you!
You die...

#......+
#$.....#####
#..........
.........
#.#.#.#####.
#...........
#.#.cw....#
#.((.####.#..
#?#..@.......
#.###.#####..
#. .... ##
###(## .# ..
#.# ..


You could see a centaur.

Vanquished Creatures
  2 adders (D:2)
  An ooze (D:1)
  3 worms (D:2)
  2 dart slugs (D:1)
  3 leopard geckos
  2 bats
  A giant cockroach (D:2)
  7 goblins
  3 hobgoblins
  5 jackals (D:2)
  2 kobolds
  4 frilled lizards
  5 rats
40 creatures vanquished.

Notes
Turn   | Place    | Note
-------+----------+-------------------------------------------
     0 | D:1      | tof the Demonspawn Gladiator began the quest for the Orb.
     0 | D:1      | Reached XP level 1. HP: 16/16 MP: 1/1
   128 | D:1      | Gained mutation: You have sharp fingernails. [demonic ancestry]
   128 | D:1      | Reached XP level 2. HP: 14/22 MP: 2/2
  1130 | D:2      | Gained mutation: You have very sharp fingernails. [demonic ancestry]
  1130 | D:2      | Reached XP level 3. HP: 24/28 MP: 3/3
  1821 | D:2      | HP: 1/28 [frilled lizard (1)]
  2231 | D:2      | Found a white marble altar of Elyvilon.
  2231 | D:2      | Found a glowing golden altar of the Shining One.
  2232 | D:2      | Found a sacrificial altar of Ru.
  2238 | D:2      | Gained mutation: A weak demonic guardian rushes to your aid. [demonic ancestry]
  2238 | D:2      | Reached XP level 4. HP: 34/34 MP: 4/4
  2534 | D:3      | Noticed a centaur
  2750 | D:3      | Shot with an arrow by a centaur

Vault maps used:
D:1:      lightli_arrival_maybe_door_vault
D:2:      gammafunk_temple_overflow_claw, kennysheep_crisscross,
          serial_park_tiny_2
D:3:      amethyst_overflow_temple_binary, old_standard_altar,
          cheibriados_altar_1

Skill      XL: |  1  2  3 |
---------------+----------+-----
Staves         | 3 |  3.5
Throwing       | 2 |  2.3
Dodging        | 3 |  3.1
Fighting       | |  2.7

Action                   |  1- 3 |  4- 6 || total
-------------------------+-------+-------++-------
Melee: Quarterstaff      |   140 |    15 ||   155
  Eat: Chunk             |     4 |     2 ||     6
Armor: Leather armour    |    41 |     6 ||    47
Dodge: Dodged            |   110 |    17 ||   127

Table legend:
 A = Spawn XP
 B = Non-spawn XP
 C = Spawn XP percentage of total XP
 D = Spawn monster count
 E = Non-spawn monster count
 F = Spawn count percentage of total count
 G = Total turns spent on level
                    A         B        C        D         E        F      G
               +---------+---------+-------+---------+---------+-------+---------
         Total |       0 |     114 |   0.0 |       0 |      40 |   0.0 |  2750
               +---------+---------+-------+---------+---------+-------+---------
           D:1 |       0 |      35 |   0.0 |       0 |      14 |   0.0 |  1082
           D:2 |       0 |      79 |   0.0 |       0 |      26 |   0.0 |  1653
               +---------+---------+-------+---------+---------+-------+---------
